 Dungeon Crawl Stone Soup version 0.27-a0-1557-g57f10a385c (webtiles) character file.

Game seed: 18100617837229918194

3642 Sin92 the Skirmisher (level 9, -1/70 HPs)
             Began as a Demonspawn Fighter on July 15, 2021.
             Was a Priest of Okawaru.
             Slain by an orc warrior (9 damage)
             ... on level 8 of the Dungeon.
             The game lasted 00:12:42 (10174 turns).

Sin92 the Skirmisher (Demonspawn Fighter)          Turns: 10174, Time: 00:12:43

Health: -1/70      AC: 15    Str: 20    XL:     9   Next: 88%
Magic:  13/13      EV:  5    Int: 10    God:    Okawaru [***...]
Gold:   249        SH: 10    Dex: 12    Spells: 8/8 levels left

rFire    . . .     SeeInvis .   a - +1 war axe
rCold    . . .     Faith    .   c - +0 kite shield
rNeg     . . .     Spirit   .   g - +0 plate armour
rPois    .         Reflect  .   w - +0 helmet
rElec    .         Harm     .   (no cloak)
rCorr    .         Rampage  .   (no gloves)
Will     .....                  (no boots)
Stlth    ..........             y - amulet of the acrobat
HPRegen  0.21/turn              (no ring)
MPRegen  0.13/turn              (no ring)

@: no status effects
A: claws 2, molten scales 1, ignite blood 2, demonic magic 1
a: Renounce Religion, Heroism


You were on level 8 of the Dungeon.
You worshipped Okawaru.
Okawaru was most pleased with you.
You visited 1 branch of the dungeon, and saw 8 of its levels.
You also visited: Sewer.

You collected 497 gold pieces.
You spent 248 gold pieces at shops.

Inventory:

Hand Weapons
 a - a +1 war axe (weapon)
 k - a +2 flail of protection
 o - the +1 spear "Cutanas" {pain, Will+}
   (You bought it in a shop on level 3 of the Dungeon)

   In the hands of one skilled in necromantic magic, it inflicts extra damage on
   living creatures.
   Will:      It increases your willpower.
Missiles
 p - 3 throwing nets (quivered)
 q - 3 atropa-tipped darts
 u - a curare-tipped dart
Armour
 b - a +0 scale mail
 c - a +0 kite shield (worn)
 g - a +0 plate armour (worn)
 w - a +0 helmet (worn)
Jewellery
 y - an amulet of the acrobat (around neck)
Wands
 h - a wand of flame (16)
 l - a wand of polymorph (7)
 s - a wand of iceblast (7)
Scrolls
 e - 2 scrolls of noise
 f - 2 scrolls of blinking
 i - 8 scrolls of identify
 n - a scroll of magic mapping
 r - 2 scrolls of teleportation
 z - a scroll of amnesia
Potions
 d - a potion of magic
 j - 4 potions of flight
 m - a potion of lignification
 t - a potion of degeneration
 v - a potion of brilliance
 x - a potion of curing


   Skills:
 + Level 6.3 Fighting
 + Level 5.3(6.1) Axes
 + Level 4.4(5.6) Polearms
 + Level 5.8 Armour
 + Level 5.0 Dodging
 + Level 5.7 Shields
 + Level 5.5 Invocations


You had 8 spell levels left.
You didn't know any spells.
Your spell library was empty.

Dungeon Overview and Level Annotations

Branches:
Dungeon (8/15)             Temple (0/1) D:6           Sewer (visited)
   Lair: D:8-11

Altars:
Cheibriados
Elyvilon
Gozag
Okawaru
Qazlal
Uskayaw
Yredelemnul
The Shining One

Shops:
D:3 ?(


Innate Abilities, Weirdness & Mutations

You have very sharp fingernails.
You are partially covered in molten scales. (AC +2)
Your demonic aura often causes spilled blood to erupt in flames.
Spells you cast may paralyse adjacent enemies.


Message History

The orc warrior completely misses you.
The orc is engulfed in blazing flames.
You kill the orc!
Okawaru accepts your kill.
You barely miss the orc warrior.
The orc warrior is moderately wounded.
You block the orc warrior's attack.
You closely miss the orc warrior.
The orc warrior is moderately wounded.
The orc warrior hits you with a +0 morningstar.
The orc zaps a wand.
Some rock shatters into small pieces.
The now-empty wand crumbles to dust.
You block the orc warrior's attack.
You closely miss the orc warrior.
The orc warrior is moderately wounded.
The orc warrior hits you with a +0 morningstar.
You closely miss the orc warrior.
The orc warrior is moderately wounded.
You block the orc warrior's attack.
You hit the orc warrior but do no damage.
The orc warrior is moderately wounded.
You closely miss something. You block the orc warrior's attack.
Something completely misses you.
The orc warrior hits you with a +0 morningstar!
* * * LOW HITPOINT WARNING * * *
You hit the orc warrior but do no damage.
The orc warrior is moderately wounded.
You closely miss something.
You hear some strange, mumbled words.
A magic dart appears from out of thin air!
The magic dart hits you.
* * * LOW HITPOINT WARNING * * *
The orc warrior barely misses you. Something hits you.
* * * LOW HITPOINT WARNING * * *
Your plate armour prevents you from hitting the orc warrior.
The orc warrior is moderately wounded.
You slash something!
The orc warrior hits you with a +0 morningstar!
* * * LOW HITPOINT WARNING * * *
Something hits you but does no damage.
The orc warrior hits you with a +0 morningstar!
You die...

##.## ##......
#.# ##..... ##.#
##...# #..# ##+##
#?.# #..# ##..#
#######{#.)#####
#.....@ooo.....#
#.≈≈≈≈≈≈≈§≈......
#.≈.......≈....##
#.§.♣♣♣.♣.≈.####
#§≈. ..♣.≈.# #.≈
._.♣.§.# #.
♣...♣.≈.# #.
♣.♣♣♣.≈§#


You could see an orc warrior and 2 orcs.

Vanquished Creatures
  Prince Ribbit (D:6)
  Eustachio (D:6)
  4 yaks (D:7)
  Menkaure (D:7)
  3 orc warriors
  2 ice beasts (D:7)
  4 necrophages
  4 ogres
  2 kobold brigands
  2 bullfrogs
  A wyvern zombie (D:7)
  3 scorpions
  A water moccasin skeleton (D:5)
  A centaur zombie (D:6)
  A bullfrog zombie (D:6)
  2 hounds
  2 jellies
  3 orc priests
  4 iguanas
  Jessica (D:2)
  3 bullfrog skeletons
  4 orc wizards
  A hound skeleton (D:5)
  2 howler monkey skeletons (D:7)
  4 adders
  10 gnolls
  2 river rats (Sewer)
  3 ufetubi (D:5)
  An adder skeleton (D:4)
  2 dart slugs
  28 orcs
  10 ball pythons
  6 endoplasms
  3 giant cockroaches
  10 goblins
  9 hobgoblins
  6 jackals
  15 kobolds
  5 quokkas
  6 bats
  4 frilled lizards
  6 rats
183 creatures vanquished.

Notes
Turn   | Place    | Note
-------+----------+-------------------------------------------
     0 | D:1      | Sin92 the Demonspawn Fighter began the quest for the Orb.
     0 | D:1      | Reached XP level 1. HP: 18/18 MP: 1/1
   101 | D:1      | Gained mutation: Spells you cast may paralyse adjacent
                  | enemies. [demonic ancestry]
   101 | D:1      | Reached XP level 2. HP: 24/24 MP: 2/2
   626 | D:1      | Found a faded altar of an unknown god.
   727 | D:1      | Gained mutation: Your demonic aura sometimes causes spilled
                  | blood to erupt in flames. [demonic ancestry]
   727 | D:1      | Reached XP level 3. HP: 29/29 MP: 3/3
  1038 | D:2      | Reached skill level 1 in Dodging
  1198 | D:2      | Noticed Jessica
  1206 | D:2      | Killed Jessica
  1342 | D:2      | Gained mutation: You have sharp fingernails. [demonic
                  | ancestry]
  1342 | D:2      | Reached XP level 4. HP: 35/35 MP: 4/4
  2775 | D:3      | Gained mutation: You have very sharp fingernails. [demonic
                  | ancestry]
  2775 | D:3      | Reached XP level 5. HP: 32/42 MP: 5/5
  3067 | D:3      | Found Gypinigai's Magic Scroll Boutique.
  3158 | D:3      | Found Ipifyllecit's Antique Weapon Boutique.
  3396 | D:4      | Noticed a necrophage
  3412 | D:4      | Killed a necrophage
  3424 | D:4      | Reached XP level 6. HP: 23/48 MP: 6/6
  3427 | D:4      | Reached skill level 4 in Fighting
  3947 | D:4      | Found an opulent altar of Gozag.
  3968 | D:4      | Reached skill level 1 in Polearms
  4436 | D:5      | Entered Level 5 of the Dungeon
  4442 | D:5      | Found a glowing drain.
  4454 | Sewer    | Entered a sewer
  5025 | D:5      | Gained mutation: Your demonic aura often causes spilled
                  | blood to erupt in flames. [demonic ancestry]
  5025 | D:5      | Reached XP level 7. HP: 44/54 MP: 7/7
  5626 | D:5      | Found a snail-covered altar of Cheibriados.
  5626 | D:5      | Found an iron altar of Okawaru.
  5641 | D:5      | Became a worshipper of Warmaster Okawaru
  5855 | D:5      | Reached skill level 1 in Invocations
  5994 | D:5      | Reached * piety under Okawaru
  5995 | D:5      | Gained mutation: You are partially covered in molten
                  | scales. (AC +2) [demonic ancestry]
  5995 | D:5      | Reached XP level 8. HP: 46/61 MP: 9/9
  6093 | D:3      | Bought an ichor-stained spear for 248 gold pieces
  6093 | D:3      | Identified the +1 spear "Cutanas" {pain, Will+} (You bought
                  | it in a shop on level 3 of the Dungeon)
  6740 | D:6      | Noticed Prince Ribbit
  6743 | D:6      | Killed Prince Ribbit
  6744 | D:6      | Reached skill level 5 in Fighting
  7119 | D:6      | Noticed Eustachio
  7175 | D:6      | Killed Eustachio
  7175 | D:6      | Reached ** piety under Okawaru
  7405 | D:6      | Found a hide-covered altar of Uskayaw.
  7559 | D:6      | Reached skill level 5 in Armour
  7781 | D:6      | Reached skill level 5 in Shields
  7781 | D:6      | Reached XP level 9. HP: 64/68 MP: 11/11
  7805 | D:6      | Found a staircase to the Ecumenical Temple.
  8120 | D:7      | Reached *** piety under Okawaru
  8123 | D:7      | Reached skill level 5 in Axes
  8407 | D:7      | Reached skill level 6 in Fighting
  8699 | D:7      | Reached skill level 5 in Invocations
  8713 | D:7      | Received a gift from Okawaru
  9077 | D:7      | Noticed Menkaure
  9085 | D:7      | Killed Menkaure
  9867 | D:7      | Found a basalt altar of Yredelemnul.
  9995 | D:8      | Reached skill level 5 in Dodging
 10159 | D:8      | Found a stormy altar of Qazlal.
 10174 | D:8      | Slain by an orc warrior

Illustrated notes

Levels and vault maps discovered:
D:1:      lemuel_arrival_river_bridge, layout_loops_ring, basic_ecumenical_altar
D:2:      layout_loops_ring, minmay_misc_feat_chi, uniq_jessica
D:3:      layout_basic, serial_shops, shop, shop, grunt_decor_junction
D:4:      layout_loops_corners, kennysheep_mini, elyvilon_altar_5,
          nicolae_gozag_seed_capital
D:5:      layout_gridville, gammafunk_temple_overflow_pools,
          portal_sewer_entry_d, minmay_quadrilaterals
D:6:      layout_basic, amcnicky_altar_gilded, minmay_temple_entry_mini_moons,
          uniq_eustachio, uniq_prince_ribbit1
D:7:      layout_basic, marbit_many_paths, nrook_loot_triangle, uniq_menkaure
D:8:      layout_loops_corners, mainiacjoe_overflow_brackets,
          evilmike_ruin_ashenzari, bloody_makhleb, grunt_ogre_cave, uniq_psyche

Skill      XL: |  1  2  3  4  5  6  7  8  9 |
---------------+----------------------------+-----
Axes           | 2 3 4 5 |  5.3
Shields        | 3 4 5 |  5.7
Dodging        | 1 2 3 4 5 |  5.0
Armour         | 3 4 5 |  5.8
Fighting       | 4 5 6 |  6.3
Polearms       | 1 2 3 4 |  4.4
Invocations    | 2 3 5 |  5.5

Action                   |  1- 3 |  4- 6 |  7- 9 || total
-------------------------+-------+-------+-------++-------
Melee: War axe           |    93 |   208 |   291 ||   592
       Unarmed           |       |       |     8 ||     8
Invok: Heroism           |       |       |     1 ||     1
  Use: Scroll            |       |     6 |     6 ||    12
       Potion            |       |     5 |     3 ||     8
Armor: Scale mail        |    66 |    54 |       ||   120
       Plate armour      |       |    96 |   274 ||   370
       Skin              |       |       |    54 ||    54
Dodge: Dodged            |    35 |    58 |    84 ||   177
Block: Kite shield       |    49 |   137 |   223 ||   409

Table legend: (Time is in decaauts)
 A = Elapsed time spent in this place.
 B = Non-inter-level travel time spent in this place.
 C = Inter-level travel time spent in this place.
 D = Time resting spent in this place.
 E = Time spent auto-exploring this place.
 F = Levels seen in this place.
 G = Mean time per level.
                   A        B        C        D        E       F      G
               +--------+--------+--------+--------+--------+-----+--------+
         Total |  10519 |  10186 |    333 |   2227 |   6280 |   9 | 1168.8 |
       Dungeon |  10128 |   9795 |    333 |   2227 |   6029 |   8 | 1266.0 |
         Sewer |    391 |    391 |      0 |      0 |    251 |   1 |  391.0 |
               +--------+--------+--------+--------+--------+-----+--------+

Top non-repeatable levels by time:
     D:5: 1919 daAuts
     D:7: 1858 daAuts
     D:2: 1694 daAuts
     D:6: 1376 daAuts
     D:4: 1191 daAuts
     D:1: 1010 daAuts
     D:3: 787 daAuts
   Sewer: 391 daAuts
     D:8: 291 daAuts
